 Dungeon Crawl Stone Soup version 0.28.0-43-g3370ac3207 (webtiles) character file.

Game seed: 11470980395134258026

221 Jerry the Chucker (level 5, 0/52 HPs)
             Began as a Troll Hunter on Mar 4, 2022.
             Was a Follower of the Shining One.
             Slain by an orc wizard
             ... wielding a +0 dagger
              (3 damage)
             ... on level 3 of the Dungeon.
             The game lasted 00:06:01 (1735 turns).

Jerry the Chucker (Troll Hunter)                    Turns: 1735, Time: 00:06:01

Health: 0/52       AC:  4    Str: 22    XL:     5   Next: 65%
Magic:  4/4        EV: 10    Int:  7    God:    the Shining One [*.....]
Gold:   84         SH:  0    Dex: 10    Spells: 4/4 levels left

rFire   . . .      SeeInvis .   h - +0 whip
rCold   . . .      Faith    .   (no shield)
rNeg    + . .      Spirit   .   a - +0 robe {rN+}
rPois   .          Reflect  .   (helmet restricted)
rElec   .          Harm     .   (no cloak)
rCorr   .          Rampage  .   (gloves unavailable)
Will    .....                   (boots unavailable)
Stlth   +.........              (no amulet)
HPRegen 0.97/turn               (no ring)
MPRegen 0.09/turn               (no ring)

@: confused, lethally poisoned (0 -> 0), glowing
A: large, unfitting armour, claws 3, regeneration 1, shaggy fur 1, tough skin 1
a: Renounce Religion, Divine Shield


You were on level 3 of the Dungeon.
You worshipped the Shining One.
The Shining One was aware of your devotion.
You visited 1 branch of the dungeon, and saw 3 of its levels.

You collected 84 gold pieces.

Inventory:

Hand Weapons
 h - a +0 whip (weapon)
Missiles
 c - 5 large rocks (quivered)
 d - 2 throwing nets
Armour
 a - a +0 robe of positive energy (worn)
Jewellery
 f - a ring of resist corrosion
 j - a +6 ring of strength
Scrolls
 b - a scroll of fear {unknown}
 e - a scroll of identify
 i - a scroll of teleportation {unknown}
Potions
 g - a potion of might


   Skills:
 + Level 2.8 Fighting
 + Level 2.0 Maces & Flails
 + Level 4.4 Throwing
 + Level 2.8 Dodging
 - Level 0.4 Stealth


You had 4 spell levels left.
You didn't know any spells.
Your spell library contained the following spells:

 Spells                   Type           Power      Damage    Failure   Level
 Beastly Appendage        Tmut           0%         N/A       43%         1
 Wereblood                Tmut           0%         N/A       56%         2
 Spider Form              Tmut/Pois      0%         N/A       80%         3


Dungeon Overview and Level Annotations

Branches:
Dungeon (3/15)

Altars:
The Shining One

Annotations:
D:2 1 runed translucent door, Crazy Yiuf


Innate Abilities, Weirdness & Mutations

You are too large for most types of armour.
You have claws for hands.
Your natural rate of healing is unusually fast.
You are covered in fur. (AC +1)
You have tough skin. (AC +1)


Message History

You feel very sick.
You closely miss the orc wizard. You claw the orc wizard.
The orc wizard is moderately wounded.
You feel sick. The orc closely misses you. The orc wizard closely misses you.
You hit the orc wizard but do no damage.
The orc wizard is moderately wounded.
You feel sick. The orc barely misses you.
The orc wizard gestures at you while chanting.
The magic dart hits you.
You hit the orc wizard but do no damage.
The orc wizard is moderately wounded.
You feel sick. The orc barely misses you. The orc wizard casts a spell at you.
The puff of flame hits you!
You hit the orc wizard but do no damage.
The orc wizard is moderately wounded.
You feel sick. The orc hits you with a +0 war axe.
The orc wizard hits you but does no damage.
You are more poisoned.
You hit the orc wizard.
The orc wizard is heavily wounded.
You feel very sick. The orc hits you with a +0 war axe.
* * * LOW HITPOINT WARNING * * *
The orc wizard casts a spell at you. The magic dart hits you.
* * * LOW HITPOINT WARNING * * *
You feel sick. The orc hits you with a +0 war axe.
* * * LOW HITPOINT WARNING * * *
The orc wizard closely misses you.
You feel sick.
The orc wizard points at you and mumbles some strange words.
You are confused.
You whack the orc!
You kill the orc!
You feel sick.
Okay, then.
You feel sick.
The orc wizard hits you with a +0 dagger.
You die...

#.#....# #.# #...####
##+##
##.###########...##
#.##.............##
#.##.######)......##
#####.#...####.........#
.............+..)......+
#####.......##.........#
####.##.###.@.....##
#.##.# #.oo...##
#.##.###.#...##
#......).##o##
####.######.# #.# #.#
#.# #.# ... ... #.# ...


You could see 2 orc wizards and an orc.

Vanquished Creatures
  Sigmund (D:2)
  An adder (D:2)
  2 worms (D:2)
  3 dart slugs (D:1)
  2 orcs (D:3)
  2 bats (D:1)
  3 endoplasms
  A giant cockroach (D:1)
  2 goblins
  3 hobgoblins (D:1)
  2 jackals (D:1)
  A quokka (D:1)
  4 ball pythons
  4 frilled lizards
  3 kobolds (D:1)
  2 rats (D:1)
36 creatures vanquished.

Notes
Turn   | Place    | Note
-------+----------+-------------------------------------------
     0 | D:1      | Jerry the Troll Hunter began the quest for the Orb.
     0 | D:1      | Reached XP level 1. HP: 19/19 MP: 0/0
    70 | D:1      | Found a faded altar of an unknown god.
   114 | D:1      | Prayed at the altar of an unknown god.
   114 | D:1      | Became a worshipper of the Shining One
   114 | D:1      | Reached * piety under the Shining One
   420 | D:1      | Reached XP level 2. HP: 23/28 MP: 1/1
   744 | D:1      | Reached XP level 3. HP: 35/35 MP: 2/2
  1000 | D:2      | Found a runed translucent door.
  1001 | D:2      | Noticed Crazy Yiuf
  1081 | D:2      | Noticed Sigmund
  1093 | D:2      | Killed Sigmund
  1094 | D:2      | Reached skill level 1 in Maces & Flails
  1094 | D:2      | Reached skill level 4 in Throwing
  1094 | D:2      | Reached XP level 4. HP: 25/44 MP: 3/3
  1094 | D:2      | Reached XP level 5. HP: 29/52 MP: 4/4
  1735 | D:3      | Slain by an orc wizard

Illustrated notes

Levels and vault maps discovered:
D:1:      ncdulo_smallfort, layout_basic,
          chequers_ecumenical_altar_simple_redux, minmay_pentomino_z4
D:2:      layout_basic, uniq_crazy_yiuf_cottage, uniq_sigmund
D:3:      layout_loops_corners, worldfamousw_hep_ancestral_shrine

Skill      XL: |  1  2  3  4  5 |
---------------+----------------+-----
Fighting       | 2 |  2.8
Dodging        | 2 |  2.8
Maces & Flails | 1 2 |  2.0
Throwing       | 4 |  4.4
Stealth        | |  0.4

Action                   |  1- 3 |  4- 6 || total
-------------------------+-------+-------++-------
Melee: Short sword       |    42 |       ||    42
       Whip              |    60 |    46 ||   106
       Punch             |     3 |     1 ||     4
  Use: Scroll            |     2 |       ||     2
       Potion            |     1 |       ||     1
Armor: Robe              |    38 |     7 ||    45
Dodge: Dodged            |    53 |    17 ||    70
